[ PARTIDA AOE2 · #460087880 ]
UnrankedVikingos vs Vikings
[ ANÁLISIS DE REPETICIÓN · EXTRAÍDO DE LA PARTIDA GRABADA ]
Feudal
11:00
Castillos
14:57
Imperial
38:45
| APM promedio | 30.7 |
| APM pico | 90 |
| eAPM promedio | 19.1 |
| Aldeanos / militares | 165 / 305 |
Foco
⚔️ 39.8% · 🌾 60.2%
Berserk ×175 · Longboat ×57 · Spearman ×40 · Fishing Ship ×16 · Cannon Galleon ×15 · Trebuchet (Packed) ×7
Feudal
10:09
Castillos
14:43
Imperial
—
| APM promedio | 23.5 |
| APM pico | 79 |
| eAPM promedio | 15.5 |
| Aldeanos / militares | 197 / 64 |
Foco
⚔️ 19.8% · 🌾 80.2%
Knight ×52 · Monk ×8 · Battering Ram ×4
Feudal
10:07
Castillos
22:08
Imperial
46:56
| APM promedio | 33.1 |
| APM pico | 65 |
| eAPM promedio | 17.2 |
| Aldeanos / militares | 156 / 203 |
Foco
⚔️ 35.7% · 🌾 64.3%
Knight ×144 · Hand Cannoneer ×30 · Spearman ×15 · Fishing Ship ×8 · Mangonel ×6 · Scout Cavalry ×5
Feudal
10:33
Castillos
14:28
Imperial
38:37
| APM promedio | 37.9 |
| APM pico | 82 |
| eAPM promedio | 17.9 |
| Aldeanos / militares | 225 / 271 |
Foco
⚔️ 38.0% · 🌾 62.0%
Chakram Thrower ×74 · Shrivamsha Rider ×69 · Camel Scout ×68 · Scout Cavalry ×45 · Unknown (2626) ×28 · Bombard Cannon ×8
Mapa de la partida
Recursos iniciales + cada clic de construcción. Líneas = muros · curvas = relieve. ◆ oro · ⬟ piedra · ● bayas · ✦ reliquia · ◌ hueco del cierre
Tu base
Base de Ray
Base de liggaligga· Abierta — flanco sin cerrar
Base de I_hate_arabia
Terreno inicial suavizado · ◌ = hueco del cierre detectado · pasá el cursor para detalles
Inputs por minuto
— Tardigrade - - Ray
Build order — Tardigrade
Primeras 150 de 531 acciones detectadas
| 0:01 | Crear | Villager (Male) |
| 0:01 | Crear | Villager (Male) |
| 0:01 | Crear | Villager (Male) |
| 0:02 | Construir | House |
| 0:05 | Construir | House |
| 0:06 | Crear | Villager (Male) |
| 1:28 | Construir | Lumber Camp |
| 1:31 | Crear | Villager (Male) |
| 1:55 | Crear | Villager (Male) |
| 2:19 | Crear | Villager (Male) |
| 2:49 | Crear | Villager (Male) |
| 3:14 | Crear | Villager (Male) |
| 3:37 | Construir | House |
| 3:45 | Construir | Dock |
| 3:48 | Crear | Villager (Male) |
| 4:13 | Crear | Villager (Male) |
| 4:31 | Crear | Fishing Ship |
| 4:40 | Construir | House |
| 4:45 | Crear | Villager (Male) |
| 5:05 | Crear | Villager (Male) |
| 5:25 | Crear | Fishing Ship |
| 5:37 | Crear | Villager (Male) |
| 5:44 | Crear | Villager (Male) |
| 6:10 | Crear | Fishing Ship |
| 6:16 | Crear | Villager (Male) |
| 6:50 | Crear | Villager (Male) |
| 6:51 | Crear | Fishing Ship |
| 7:18 | Crear | Fishing Ship |
| 7:31 | Crear | Villager (Male) |
| 7:35 | Investigar | Loom |
| 7:38 | Construir | House |
| 7:51 | Crear | Villager (Male) |
| 7:51 | Crear | Villager (Male) |
| 8:24 | Construir | Mining Camp |
| 8:38 | Investigar | Feudal Age |
| 8:41 | Crear | Fishing Ship |
| 9:21 | Construir | Mill |
| 10:05 | Crear | Villager (Male) |
| 10:05 | Crear | Villager (Male) |
| 10:14 | Construir | House |
| 11:00 | Edad | Edad Feudal |
| 11:02 | Construir | Market |
| 11:15 | Construir | Blacksmith |
| 11:52 | Crear | Villager (Male) |
| 12:13 | Investigar | Castle Age |
| 12:17 | Investigar | Double-Bit Axe |
| 12:23 | Investigar | Gold Mining |
| 12:50 | Construir | Lumber Camp |
| 13:00 | Construir | Dock |
| 13:18 | Crear | Villager (Male) |
| 13:18 | Crear | Villager (Male) |
| 13:22 | Construir | House |
| 13:48 | Construir | Dock |
| 13:54 | Construir | Dock |
| 14:17 | Investigar | Fletching |
| 14:36 | Construir | Dock |
| 14:43 | Construir | House |
| 14:57 | Edad | Edad de los Castillos |
| 15:03 | Crear | Longboat |
| 15:03 | Crear | Longboat |
| 15:04 | Crear | Longboat |
| 15:25 | Crear | Longboat |
| 15:26 | Crear | Longboat |
| 15:34 | Construir | House |
| 15:51 | Investigar | Bodkin Arrow |
| 15:53 | Crear | Villager (Male) |
| 16:03 | Crear | Longboat |
| 16:15 | Crear | Villager (Male) |
| 16:23 | Crear | Galley |
| 16:23 | Crear | Galley |
| 16:24 | Crear | Galley |
| 16:29 | Crear | Longboat |
| 16:29 | Crear | Longboat |
| 16:29 | Crear | Longboat |
| 16:30 | Crear | Villager (Male) |
| 16:37 | Crear | Villager (Male) |
| 17:04 | Crear | Galley |
| 17:04 | Crear | Galley |
| 17:13 | Construir | Monastery |
| 17:19 | Crear | Longboat |
| 17:19 | Crear | Longboat |
| 17:21 | Crear | Villager (Male) |
| 17:26 | Construir | House |
| 17:46 | Crear | Monk |
| 17:53 | Crear | Longboat |
| 17:53 | Crear | Longboat |
| 18:01 | Construir | House |
| 18:04 | Construir | House |
| 18:07 | Construir | Palisade Wall |
| 18:11 | Crear | Villager (Male) |
| 18:31 | Crear | Villager (Male) |
| 18:38 | Crear | Fishing Ship |
| 18:39 | Crear | Fishing Ship |
| 18:43 | Crear | Fishing Ship |
| 18:44 | Crear | Fishing Ship |
| 18:51 | Crear | Villager (Male) |
| 18:53 | Crear | Monk |
| 19:19 | Crear | Villager (Male) |
| 19:30 | Crear | Villager (Male) |
| 19:36 | Crear | Monk |
| 19:48 | Construir | Town Center |
| 20:00 | Crear | Villager (Male) |
| 20:02 | Crear | Monk |
| 20:02 | Crear | Villager (Male) |
| 20:11 | Construir | House |
| 20:14 | Crear | Villager (Male) |
| 20:21 | Crear | Longboat |
| 20:21 | Crear | Longboat |
| 20:22 | Crear | Villager (Male) |
| 20:23 | Crear | Villager (Male) |
| 20:33 | Crear | Villager (Male) |
| 20:48 | Construir | House |
| 21:08 | Crear | Villager (Male) |
| 21:16 | Crear | Villager (Male) |
| 21:27 | Construir | House |
| 21:34 | Investigar | Horse Collar |
| 21:36 | Crear | Villager (Male) |
| 21:40 | Construir | Farm |
| 21:45 | Crear | Villager (Male) |
| 22:09 | Crear | Villager (Male) |
| 22:11 | Crear | Villager (Male) |
| 22:20 | Crear | Villager (Male) |
| 22:40 | Crear | Villager (Male) |
| 22:45 | Construir | Farm |
| 22:46 | Construir | Farm |
| 22:46 | Construir | Farm |
| 22:46 | Construir | Farm |
| 22:46 | Construir | Farm |
| 22:47 | Construir | Farm |
| 22:47 | Construir | Farm |
| 22:47 | Construir | Farm |
| 22:47 | Construir | Farm |
| 22:59 | Construir | Town Center |
| 23:01 | Crear | Villager (Male) |
| 23:12 | Crear | Fishing Ship |
| 23:13 | Crear | Fishing Ship |
| 23:13 | Crear | Fishing Ship |
| 23:13 | Crear | Fishing Ship |
| 23:15 | Crear | Villager (Male) |
| 23:21 | Crear | Villager (Male) |
| 23:39 | Crear | Villager (Male) |
| 23:46 | Crear | Villager (Male) |
| 23:52 | Construir | Farm |
| 23:52 | Construir | Farm |
| 23:53 | Construir | Farm |
| 23:53 | Construir | Farm |
| 24:00 | Crear | Villager (Male) |
| 24:28 | Construir | House |
| 24:29 | Construir | House |
| 24:36 | Crear | Villager (Male) |
Build order — Ray
Primeras 150 de 435 acciones detectadas
| 0:02 | Crear | Villager (Male) |
| 0:02 | Crear | Villager (Male) |
| 0:02 | Crear | Villager (Male) |
| 0:03 | Crear | Villager (Male) |
| 0:05 | Construir | House |
| 0:07 | Construir | House |
| 1:25 | Crear | Villager (Male) |
| 1:55 | Crear | Villager (Male) |
| 1:55 | Crear | Villager (Male) |
| 2:34 | Crear | Villager (Male) |
| 2:45 | Crear | Villager (Male) |
| 3:05 | Crear | Villager (Male) |
| 3:22 | Crear | Villager (Male) |
| 3:31 | Crear | Villager (Male) |
| 3:47 | Crear | Villager (Male) |
| 3:55 | Construir | House |
| 3:57 | Construir | Mill |
| 4:05 | Crear | Villager (Male) |
| 4:22 | Crear | Villager (Male) |
| 4:38 | Crear | Villager (Male) |
| 4:40 | Crear | Villager (Male) |
| 5:00 | Crear | Villager (Male) |
| 5:25 | Crear | Villager (Male) |
| 5:33 | Crear | Villager (Male) |
| 5:55 | Crear | Villager (Male) |
| 5:57 | Construir | House |
| 6:20 | Crear | Villager (Male) |
| 6:24 | Construir | Lumber Camp |
| 7:05 | Crear | Villager (Male) |
| 7:51 | Investigar | Feudal Age |
| 8:45 | Construir | Mining Camp |
| 9:52 | Construir | House |
| 10:09 | Edad | Edad Feudal |
| 10:09 | Crear | Villager (Male) |
| 10:09 | Crear | Villager (Male) |
| 10:33 | Crear | Villager (Male) |
| 10:47 | Crear | Villager (Male) |
| 11:12 | Construir | Market |
| 11:16 | Construir | Blacksmith |
| 12:03 | Investigar | Castle Age |
| 12:17 | Investigar | Double-Bit Axe |
| 12:18 | Investigar | Horse Collar |
| 13:31 | Construir | Farm |
| 13:31 | Construir | Farm |
| 13:33 | Construir | Farm |
| 13:34 | Construir | Farm |
| 13:36 | Construir | Farm |
| 13:54 | Investigar | Loom |
| 14:43 | Edad | Edad de los Castillos |
| 14:46 | Construir | Town Center |
| 14:54 | Crear | Villager (Male) |
| 14:54 | Crear | Villager (Male) |
| 15:37 | Construir | Palisade Wall |
| 15:45 | Construir | Farm |
| 15:47 | Crear | Villager (Male) |
| 15:52 | Construir | Town Center |
| 15:58 | Construir | Palisade Gate |
| 16:01 | Construir | Palisade Wall |
| 16:04 | Construir | Farm |
| 16:06 | Crear | Villager (Male) |
| 16:07 | Crear | Villager (Male) |
| 16:21 | Construir | Palisade Gate |
| 16:26 | Construir | Palisade Wall |
| 16:37 | Crear | Villager (Male) |
| 16:46 | Construir | Farm |
| 16:47 | Construir | Farm |
| 16:48 | Construir | Farm |
| 16:51 | Construir | Farm |
| 16:53 | Crear | Villager (Male) |
| 16:54 | Construir | Farm |
| 16:58 | Construir | House |
| 17:00 | Construir | Farm |
| 17:03 | Crear | Villager (Male) |
| 17:03 | Crear | Villager (Male) |
| 17:03 | Crear | Villager (Male) |
| 17:15 | Investigar | Town Watch |
| 17:34 | Construir | Farm |
| 17:36 | Crear | Villager (Male) |
| 17:37 | Crear | Villager (Male) |
| 17:45 | Crear | Villager (Male) |
| 17:52 | Construir | Farm |
| 17:53 | Construir | Farm |
| 17:55 | Construir | Farm |
| 17:58 | Construir | Farm |
| 18:06 | Crear | Villager (Male) |
| 18:26 | Crear | Villager (Male) |
| 18:27 | Crear | Villager (Male) |
| 18:27 | Crear | Villager (Male) |
| 18:41 | Crear | Villager (Male) |
| 18:55 | Crear | Villager (Male) |
| 18:56 | Crear | Villager (Male) |
| 19:07 | Crear | Villager (Male) |
| 19:08 | Crear | Villager (Male) |
| 19:16 | Construir | House |
| 19:17 | Construir | House |
| 19:18 | Construir | House |
| 19:19 | Construir | House |
| 19:20 | Construir | House |
| 19:33 | Investigar | Gold Mining |
| 19:43 | Crear | Villager (Male) |
| 19:44 | Crear | Villager (Male) |
| 19:45 | Crear | Villager (Male) |
| 19:53 | Construir | Palisade Wall |
| 19:57 | Construir | House |
| 20:01 | Crear | Villager (Male) |
| 20:01 | Crear | Villager (Male) |
| 20:19 | Construir | Town Center |
| 20:20 | Crear | Villager (Male) |
| 20:21 | Crear | Villager (Male) |
| 20:23 | Crear | Villager (Male) |
| 20:27 | Construir | Farm |
| 20:28 | Construir | Farm |
| 20:33 | Crear | Villager (Male) |
| 20:33 | Crear | Villager (Male) |
| 20:43 | Construir | Palisade Gate |
| 20:47 | Construir | Farm |
| 20:58 | Crear | Villager (Male) |
| 20:59 | Crear | Villager (Male) |
| 21:23 | Crear | Villager (Male) |
| 21:24 | Crear | Villager (Male) |
| 21:26 | Crear | Villager (Male) |
| 21:27 | Crear | Villager (Male) |
| 21:29 | Crear | Villager (Male) |
| 21:33 | Construir | Farm |
| 21:38 | Crear | Villager (Male) |
| 21:42 | Construir | Farm |
| 21:54 | Crear | Villager (Male) |
| 21:54 | Crear | Villager (Male) |
| 21:58 | Construir | Farm |
| 21:59 | Construir | Farm |
| 22:05 | Crear | Villager (Male) |
| 22:06 | Crear | Villager (Male) |
| 22:17 | Crear | Villager (Male) |
| 22:18 | Crear | Villager (Male) |
| 22:18 | Crear | Villager (Male) |
| 22:23 | Construir | House |
| 22:23 | Construir | House |
| 22:24 | Construir | House |
| 22:25 | Construir | House |
| 22:25 | Construir | House |
| 22:26 | Construir | House |
| 22:26 | Construir | House |
| 22:27 | Construir | House |
| 22:40 | Construir | Lumber Camp |
| 22:44 | Construir | Lumber Camp |
| 22:48 | Construir | Town Center |
| 22:55 | Crear | Villager (Male) |
| 22:56 | Crear | Villager (Male) |
| 22:57 | Crear | Villager (Male) |
| 22:57 | Crear | Villager (Male) |
Build order — liggaligga
Primeras 150 de 444 acciones detectadas
| 0:02 | Construir | House |
| 0:02 | Crear | Villager (Male) |
| 0:02 | Crear | Villager (Male) |
| 0:04 | Construir | House |
| 0:13 | Crear | Villager (Male) |
| 0:13 | Crear | Villager (Male) |
| 1:28 | Construir | Lumber Camp |
| 1:39 | Crear | Villager (Male) |
| 2:09 | Crear | Villager (Male) |
| 2:29 | Crear | Villager (Male) |
| 2:56 | Crear | Villager (Male) |
| 3:19 | Crear | Villager (Male) |
| 3:46 | Crear | Villager (Male) |
| 3:55 | Construir | Dock |
| 4:10 | Construir | House |
| 4:16 | Crear | Villager (Male) |
| 4:46 | Crear | Villager (Male) |
| 4:46 | Crear | Villager (Male) |
| 4:48 | Crear | Fishing Ship |
| 5:11 | Crear | Villager (Male) |
| 5:17 | Crear | Fishing Ship |
| 5:22 | Construir | House |
| 5:33 | Crear | Fishing Ship |
| 5:40 | Crear | Villager (Male) |
| 5:42 | Crear | Villager (Male) |
| 6:13 | Crear | Fishing Ship |
| 6:27 | Crear | Villager (Male) |
| 6:40 | Crear | Villager (Male) |
| 6:57 | Construir | House |
| 7:25 | Crear | Villager (Male) |
| 7:55 | Crear | Villager (Male) |
| 7:57 | Investigar | Feudal Age |
| 8:05 | Crear | Transport Ship |
| 8:29 | Construir | Barracks |
| 8:53 | Investigar | Loom |
| 9:14 | Construir | Mining Camp |
| 9:32 | Construir | House |
| 9:39 | Construir | House |
| 9:54 | Crear | Villager (Male) |
| 10:07 | Edad | Edad Feudal |
| 10:18 | Construir | Stable |
| 10:28 | Crear | Villager (Male) |
| 10:37 | Investigar | Double-Bit Axe |
| 10:58 | Construir | House |
| 11:00 | Investigar | Town Watch |
| 11:04 | Crear | Scout Cavalry |
| 11:05 | Crear | Scout Cavalry |
| 11:05 | Crear | Scout Cavalry |
| 11:06 | Crear | Scout Cavalry |
| 11:32 | Crear | Villager (Male) |
| 11:32 | Crear | Villager (Male) |
| 11:41 | Construir | Blacksmith |
| 12:15 | Construir | Mill |
| 12:23 | Investigar | Bloodlines |
| 12:41 | Construir | House |
| 12:43 | Crear | Villager (Male) |
| 12:43 | Crear | Villager (Male) |
| 12:59 | Investigar | Forging |
| 13:08 | Investigar | Horse Collar |
| 13:12 | Construir | Farm |
| 13:12 | Construir | Farm |
| 13:13 | Construir | Farm |
| 13:31 | Crear | Villager (Male) |
| 13:45 | Crear | Scout Cavalry |
| 13:49 | Construir | Farm |
| 13:49 | Construir | Farm |
| 13:50 | Construir | Farm |
| 13:50 | Construir | Farm |
| 13:51 | Crear | Villager (Male) |
| 14:08 | Construir | House |
| 14:14 | Construir | Farm |
| 14:15 | Crear | Villager (Male) |
| 14:16 | Crear | Villager (Male) |
| 14:25 | Crear | Villager (Male) |
| 14:29 | Construir | House |
| 14:48 | Crear | Villager (Male) |
| 14:50 | Construir | Farm |
| 15:10 | Construir | Farm |
| 16:20 | Crear | Villager (Male) |
| 16:20 | Crear | Villager (Male) |
| 16:25 | Construir | House |
| 16:27 | Construir | House |
| 16:45 | Crear | Spearman |
| 16:46 | Crear | Spearman |
| 16:47 | Crear | Spearman |
| 16:48 | Crear | Villager (Male) |
| 16:48 | Crear | Villager (Male) |
| 16:55 | Construir | Watch Tower |
| 17:16 | Crear | Spearman |
| 17:26 | Construir | Outpost |
| 17:52 | Crear | Spearman |
| 17:52 | Crear | Spearman |
| 18:13 | Crear | Villager (Male) |
| 18:14 | Crear | Villager (Male) |
| 18:14 | Crear | Villager (Male) |
| 18:36 | Crear | Villager (Male) |
| 18:38 | Crear | Spearman |
| 18:45 | Construir | Market |
| 18:58 | Construir | Outpost |
| 19:05 | Investigar | Castle Age |
| 19:39 | Construir | Mining Camp |
| 19:53 | Construir | Stable |
| 20:41 | Construir | Dock |
| 21:02 | Construir | Stable |
| 21:04 | Crear | Villager (Male) |
| 21:05 | Crear | Villager (Male) |
| 22:08 | Edad | Edad de los Castillos |
| 22:18 | Construir | Town Center |
| 22:28 | Crear | Fishing Ship |
| 22:28 | Crear | Fishing Ship |
| 22:28 | Crear | Fishing Ship |
| 22:32 | Construir | Dock |
| 22:38 | Construir | Siege Workshop |
| 22:44 | Crear | Knight |
| 22:44 | Crear | Knight |
| 22:45 | Crear | Knight |
| 22:45 | Crear | Knight |
| 22:58 | Crear | Villager (Male) |
| 22:58 | Crear | Villager (Male) |
| 22:59 | Crear | Villager (Male) |
| 23:02 | Investigar | Bow Saw |
| 23:15 | Construir | Lumber Camp |
| 23:27 | Crear | Knight |
| 23:33 | Crear | Knight |
| 23:42 | Construir | Outpost |
| 23:47 | Crear | Knight |
| 23:47 | Crear | Knight |
| 23:50 | Investigar | Scale Barding Armor |
| 23:55 | Crear | Fishing Ship |
| 24:05 | Crear | Villager (Male) |
| 24:08 | Crear | Villager (Male) |
| 24:08 | Crear | Villager (Male) |
| 24:41 | Crear | Villager (Male) |
| 24:42 | Crear | Villager (Male) |
| 24:43 | Crear | Knight |
| 24:43 | Crear | Knight |
| 24:45 | Crear | Mangonel |
| 24:54 | Construir | Outpost |
| 25:02 | Investigar | Chain Barding Armor |
| 25:05 | Crear | Mangonel |
| 25:06 | Crear | Mangonel |
| 25:09 | Crear | Villager (Male) |
| 25:16 | Construir | Siege Workshop |
| 25:20 | Crear | Spearman |
| 25:20 | Crear | Spearman |
| 25:26 | Crear | Villager (Male) |
| 25:26 | Crear | Villager (Male) |
| 25:32 | Crear | Villager (Male) |
| 25:34 | Construir | Mining Camp |
| 25:49 | Construir | House |
Build order — I_hate_arabia
Primeras 150 de 543 acciones detectadas
| 0:01 | Crear | Villager (Male) ×4 |
| 0:02 | Construir | House |
| 0:45 | Construir | Mill |
| 1:41 | Crear | Villager (Male) |
| 1:45 | Construir | House |
| 1:59 | Crear | Villager (Male) |
| 2:23 | Crear | Villager (Male) |
| 2:46 | Crear | Villager (Male) |
| 2:46 | Crear | Villager (Male) |
| 2:57 | Crear | Villager (Male) |
| 2:58 | Crear | Villager (Male) |
| 3:13 | Construir | House |
| 3:43 | Crear | Villager (Male) |
| 4:11 | Crear | Villager (Male) |
| 4:35 | Crear | Villager (Male) |
| 4:45 | Construir | Lumber Camp |
| 5:00 | Crear | Villager (Male) |
| 5:10 | Construir | Dock |
| 5:26 | Crear | Villager (Male) ×2 |
| 5:26 | Crear | Villager (Male) ×2 |
| 5:40 | Construir | House |
| 6:13 | Crear | Fishing Ship |
| 6:16 | Crear | Villager (Male) |
| 6:38 | Crear | Villager (Male) |
| 6:47 | Construir | House |
| 7:06 | Crear | Fishing Ship |
| 7:07 | Crear | Villager (Male) |
| 7:32 | Crear | Villager (Male) |
| 7:58 | Investigar | Loom |
| 8:07 | Investigar | Feudal Age |
| 8:31 | Construir | Mining Camp |
| 9:15 | Crear | Transport Ship |
| 10:29 | Crear | Villager (Male) |
| 10:33 | Edad | Edad Feudal |
| 10:40 | Construir | Market |
| 10:54 | Construir | Blacksmith |
| 10:57 | Investigar | Town Watch |
| 11:07 | Construir | House |
| 11:22 | Crear | Villager (Male) |
| 11:44 | Investigar | Castle Age |
| 12:00 | Construir | Barracks |
| 12:16 | Investigar | Double-Bit Axe |
| 12:40 | Construir | Farm |
| 13:11 | Construir | House |
| 13:12 | Construir | House |
| 13:40 | Crear | Spearman |
| 13:53 | Construir | Stable |
| 14:23 | Crear | Villager (Male) |
| 14:24 | Construir | Farm |
| 14:27 | Construir | Palisade Wall |
| 14:28 | Edad | Edad de los Castillos |
| 14:30 | Construir | Palisade Wall |
| 14:37 | Investigar | Scale Barding Armor |
| 14:40 | Construir | House |
| 14:49 | Construir | Stable |
| 14:51 | Crear | Shrivamsha Rider |
| 14:52 | Crear | Villager (Male) |
| 15:06 | Construir | Farm |
| 15:11 | Construir | Farm |
| 15:24 | Crear | Villager (Male) |
| 15:30 | Construir | Farm |
| 15:45 | Construir | Palisade Wall |
| 15:48 | Construir | Palisade Wall |
| 15:50 | Construir | House |
| 15:52 | Construir | Palisade Wall |
| 15:54 | Construir | Palisade Wall |
| 15:56 | Construir | Palisade Wall |
| 15:58 | Crear | Villager (Male) |
| 16:00 | Construir | Farm |
| 16:03 | Construir | Farm |
| 16:22 | Construir | Palisade Wall |
| 16:34 | Crear | Shrivamsha Rider |
| 16:34 | Crear | Shrivamsha Rider |
| 16:34 | Crear | Shrivamsha Rider |
| 16:42 | Construir | Farm |
| 16:44 | Construir | Farm |
| 16:47 | Construir | Farm |
| 16:50 | Construir | Farm |
| 16:53 | Construir | Farm |
| 17:04 | Crear | Villager (Male) |
| 17:15 | Investigar | Husbandry |
| 17:16 | Crear | Shrivamsha Rider |
| 17:20 | Construir | Farm |
| 18:08 | Construir | House |
| 18:27 | Crear | Villager (Male) |
| 18:29 | Construir | Farm |
| 18:42 | Crear | Spearman |
| 18:45 | Crear | Villager (Male) |
| 19:00 | Investigar | Bow Saw |
| 19:01 | Investigar | Bow Saw |
| 19:16 | Construir | Town Center |
| 19:24 | Crear | Shrivamsha Rider |
| 19:24 | Crear | Shrivamsha Rider |
| 19:25 | Crear | Shrivamsha Rider |
| 19:27 | Crear | Villager (Male) |
| 19:47 | Crear | Shrivamsha Rider |
| 19:49 | Crear | Villager (Male) |
| 20:03 | Construir | Palisade Wall |
| 20:05 | Construir | Palisade Wall |
| 20:09 | Construir | Palisade Wall |
| 20:10 | Construir | Palisade Wall |
| 20:16 | Construir | Palisade Wall |
| 20:20 | Crear | Villager (Male) |
| 20:24 | Crear | Shrivamsha Rider |
| 20:24 | Crear | Shrivamsha Rider |
| 20:42 | Construir | Farm |
| 20:46 | Crear | Villager (Male) |
| 21:11 | Construir | Farm |
| 21:20 | Crear | Villager (Male) |
| 21:20 | Crear | Villager (Male) |
| 21:20 | Crear | Villager (Male) |
| 21:37 | Crear | Villager (Male) |
| 22:11 | Crear | Villager (Male) |
| 22:12 | Crear | Villager (Male) |
| 22:33 | Construir | Monastery |
| 22:36 | Crear | Villager (Male) |
| 22:36 | Crear | Villager (Male) |
| 23:01 | Crear | Shrivamsha Rider |
| 23:01 | Crear | Shrivamsha Rider |
| 23:06 | Construir | Farm |
| 23:11 | Construir | Farm |
| 23:13 | Construir | Farm |
| 23:16 | Construir | Farm |
| 23:18 | Construir | Farm |
| 23:19 | Crear | Monk |
| 23:26 | Crear | Villager (Male) ×2 |
| 23:26 | Crear | Villager (Male) ×2 |
| 23:30 | Construir | Farm |
| 23:52 | Crear | Villager (Male) ×2 |
| 23:52 | Crear | Villager (Male) ×2 |
| 23:55 | Crear | Villager (Male) |
| 24:09 | Investigar | Bloodlines |
| 24:25 | Crear | Shrivamsha Rider ×2 |
| 24:33 | Construir | Mill |
| 24:34 | Construir | Farm |
| 24:36 | Crear | Villager (Male) |
| 24:36 | Crear | Villager (Male) |
| 24:52 | Crear | Shrivamsha Rider |
| 24:57 | Crear | Villager (Male) |
| 24:57 | Crear | Villager (Male) |
| 24:58 | Crear | Villager (Male) |
| 24:59 | Crear | Villager (Male) |
| 25:05 | Construir | House |
| 25:11 | Construir | Farm |
| 25:13 | Investigar | Horse Collar |
| 25:19 | Construir | House |
| 25:20 | Construir | House |
| 25:22 | Construir | House |
| 25:29 | Crear | Shrivamsha Rider |
| 25:38 | Investigar | Forging |
Cronología de la partida
| 3:45 | Tardigrade · first_building Dock |
| 3:55 | liggaligga · first_building Dock |
| 5:10 | I_hate_arabia · first_building Dock |
| 8:29 | liggaligga · first_building Barracks |
| 10:07 | liggaligga · age_up feudal |
| 10:09 | Ray · age_up feudal |
| 10:18 | liggaligga · first_building Stable |
| 10:33 | I_hate_arabia · age_up feudal |
| 11:00 | Tardigrade · age_up feudal |
| 12:00 | I_hate_arabia · first_building Barracks |
| 12:08 | Tardigrade · first_market_sell 100 stone |
| 13:53 | I_hate_arabia · first_building Stable |
| 14:27 | I_hate_arabia · wall_segment Palisade Wall x1 |
| 14:28 | I_hate_arabia · age_up castle |
| 14:30 | I_hate_arabia · wall_segment Palisade Wall x6 |
| 14:43 | Ray · age_up castle |
| 14:57 | Tardigrade · age_up castle |
| 15:22 | I_hate_arabia · first_market_buy 100 food |
| 15:37 | Ray · wall_segment Palisade Wall x1 |
| 15:45 | I_hate_arabia · wall_segment Palisade Wall x1 |
| 15:48 | I_hate_arabia · wall_segment Palisade Wall x1 |
| 15:50 | Tardigrade · first_market_buy 100 food |
| 15:52 | I_hate_arabia · wall_segment Palisade Wall x1 |
| 15:54 | I_hate_arabia · wall_segment Palisade Wall x1 |
| 15:56 | I_hate_arabia · wall_segment Palisade Wall x1 |
| 16:01 | Ray · wall_segment Palisade Wall x1 |
| 16:22 | I_hate_arabia · wall_segment Palisade Wall x1 |
| 16:26 | Ray · wall_segment Palisade Wall x1 |
| 17:13 | Tardigrade · first_building Monastery |
| 18:07 | Tardigrade · wall_segment Palisade Wall x7 |
| 19:53 | Ray · wall_segment Palisade Wall x1 |
| 20:03 | I_hate_arabia · wall_segment Palisade Wall x1 |
| 20:05 | I_hate_arabia · wall_segment Palisade Wall x1 |
| 20:09 | I_hate_arabia · wall_segment Palisade Wall x1 |
| 20:10 | I_hate_arabia · wall_segment Palisade Wall x1 |
| 20:14 | Ray · first_market_buy 100 stone |
| 20:16 | I_hate_arabia · wall_segment Palisade Wall x1 |
| 22:08 | liggaligga · age_up castle |
| 22:33 | I_hate_arabia · first_building Monastery |
| 22:38 | liggaligga · first_building Siege Workshop |
| 23:37 | Tardigrade · tribute_sent a jugador 2 |
| 23:37 | Tardigrade · tribute_sent a jugador 3 |
| 23:37 | Tardigrade · tribute_sent a jugador 4 |
| 25:10 | Tardigrade · tribute_sent a jugador 2 |
| 25:10 | Tardigrade · tribute_sent a jugador 3 |
| 25:10 | Tardigrade · tribute_sent a jugador 4 |
| 25:43 | Tardigrade · first_building Barracks |
| 26:23 | Ray · first_building Barracks |
| 26:35 | Ray · first_building Monastery |
| 26:53 | Ray · first_building Stable |
| 29:11 | Tardigrade · first_building Castle |
| 34:25 | liggaligga · first_market_sell 100 wood |
| 34:26 | liggaligga · first_market_buy 100 food |
| 35:39 | Ray · wall_segment Stone Wall x1 |
| 35:50 | liggaligga · first_building Castle |
| 37:22 | Tardigrade · tribute_sent a jugador 2 |
| 37:22 | Tardigrade · tribute_sent a jugador 3 |
| 37:22 | Tardigrade · tribute_sent a jugador 4 |
| 37:57 | Ray · first_building Siege Workshop |
| 38:02 | I_hate_arabia · first_building Castle |
| 38:23 | Tardigrade · tribute_sent a jugador 2 |
| 38:23 | Tardigrade · tribute_sent a jugador 3 |
| 38:23 | Tardigrade · tribute_sent a jugador 4 |
| 38:37 | I_hate_arabia · age_up imperial |
| 38:44 | Ray · first_building Castle |
| 38:45 | Tardigrade · age_up imperial |
| 40:06 | Tardigrade · wall_segment Stone Wall x1 |
| 40:11 | Tardigrade · wall_segment Stone Wall x1 |
| 40:25 | Tardigrade · wall_segment Stone Wall x3 |
| 40:29 | Tardigrade · wall_segment Stone Wall x6 |
| 40:32 | Tardigrade · wall_segment Stone Wall x4 |
| 41:34 | Tardigrade · tribute_sent a jugador 2 |
| 41:34 | Tardigrade · tribute_sent a jugador 3 |
| 41:34 | Tardigrade · tribute_sent a jugador 4 |
| 42:40 | liggaligga · first_building Monastery |
| 46:40 | Ray · resign |
| 46:56 | liggaligga · age_up imperial |
| 51:11 | I_hate_arabia · first_market_sell 500 food |
| 55:59 | I_hate_arabia · first_building Siege Workshop |
| 57:26 | liggaligga · first_building Archery Range |
[ ANÁLISIS IA · 1 CRÉDITO ]
¿Qué pasó realmente en esta partida?
Wolo.gg analiza cada decisión: build order, eco, micro, errores típicos por bracket. Análisis personalizado por WhatsApp o Discord en 30 segundos.
Guía civ
Vikingos
Perfil
Jugador #293219